 Dungeon Crawl Stone Soup version 0.29.0-13-gc9e81de378 (webtiles) character file.

Game seed: 8452670098182101152

501 MirrMurr the Poker (level 6, -7/73 HPs)
             Began as a Demonspawn Berserker on Sept 7, 2022.
             Was an Elder of Trog.
             Mangled by an ogre
             ... wielding a +0 giant spiked club
              (13 damage)
             ... on level 5 of the Dungeon.
             The game lasted 00:10:04 (3895 turns).

MirrMurr the Poker (Demonspawn Berserker)           Turns: 3895, Time: 00:10:05

Health: -7/73      AC: 12    Str: 19    XL:     6   Next: 95%
Magic:  0/6        EV: 11    Int:  8    God:    Trog [****..]
Gold:   196        SH:  0    Dex: 13    Spells: 5/5 levels left

rFire   . . .      SeeInvis .   a - +0 trident
rCold   . . .      Faith    .   (no shield)
rNeg    + . .      Spirit   +   p - +0 chain mail
rPois   .          Reflect  .   f - +0 helmet
rElec   .          Harm     .   k - +2 cloak
rCorr   .          Rampage  .   (no gloves)
Will    .....                   (no boots)
Stlth   ..........              (no amulet)
HPRegen 0.22/turn               c - ring of positive energy
MPRegen 0.20/turn               (no ring)

@: berserking, very quick
A: repulsion field 2, magic shield, magic regeneration
a: Renounce Religion, Berserk, Trog's Hand, Brothers in Arms


You were on level 5 of the Dungeon.
You worshipped Trog.
Trog was greatly pleased with you.
You visited 1 branch of the dungeon, and saw 5 of its levels.

You collected 196 gold pieces.

Inventory:

Hand Weapons
 a - a +0 trident (weapon)
Missiles
 d - 44 stones (quivered)
 r - 3 boomerangs
Armour
 f - a +0 helmet (worn)
 k - a +2 cloak (worn)
 p - a +0 chain mail (worn)
Jewellery
 c - a ring of positive energy (left hand)
Scrolls
 b - a scroll of magic mapping {unknown}
 g - a scroll of enchant armour
 i - a scroll of vulnerability {unknown}
 q - a scroll of brand weapon {unknown}
Potions
 e - a potion of mutation
 h - 2 potions of ambrosia
 j - a potion of haste
 l - a potion of berserk rage
 m - a potion of curing {unknown}
 n - 2 potions of lignification
 o - 2 potions of might


   Skills:
 + Level 4.6 Fighting
 * Level 5.5 Polearms
 - Level 1.7 Armour
 + Level 3.6 Dodging


You had 5 spell levels left.
You didn't know any spells.
Your spell library was empty.

Dungeon Overview and Level Annotations

Branches:
Dungeon (5/15)             Temple (0/1) D:4

Altars:


Innate Abilities, Weirdness & Mutations

You are surrounded by a moderate repulsion field. (EV +3)
When hurt, damage is shared between your health and your magic reserves.
You regenerate magic rapidly.


Message History

a +0 club; an orc corpse
There is a stone staircase leading down here.
Things that are here:
a +0 dagger; 3 boomerangs; a +0 chain mail
r - 3 boomerangs You start resting.
HP restored.
You climb downwards.
The ogre barely misses you.
There is a stone staircase leading up here.
You hit the ogre.
The ogre is lightly wounded.
The ogre closely misses you.
You hit the ogre.
The ogre is moderately wounded.
You hit the ogre.
The ogre is moderately wounded.
The ogre closely misses you.
You barely miss the ogre.
The ogre is moderately wounded.
The ogre hits you with a +0 giant spiked club.
You hit the ogre.
The ogre is moderately wounded.
You puncture the ogre!
The ogre is severely wounded.
The ogre hits you with a +0 giant spiked club!
You barely miss the ogre.
The ogre is severely wounded.
The ogre hits you with a +0 giant spiked club!
You are too injured to fight recklessly!
You are too injured to fight recklessly!
You hit the ogre but do no damage.
The ogre is severely wounded.
The ogre hits you with a +0 giant spiked club!
* * * LOW HITPOINT WARNING * * *
You hit the ogre.
The ogre is severely wounded.
A red film seems to cover your vision as you go berserk!
You feel yourself moving faster!
You feel mighty!
The ogre hits you with a +0 giant spiked club!
You die...

.. .# .# #(#
##########..#
......)@O...#
###......#..####
####.........#
#.......###..#
#.#...... #
#.......
#.......#
.........#
#.#.###....


You could see an ogre.

Vanquished Creatures
  A phantom (D:4)
  A scorpion (D:3)
  2 hounds
  3 orc wizards
  2 iguanas (D:4)
  6 adders
  A worm (D:3)
  3 dart slugs
  8 orcs
  14 endoplasms
  3 giant cockroaches
  9 goblins
  7 hobgoblins
  6 jackals (D:2)
  4 quokkas
  9 ball pythons
  9 bats
  19 frilled lizards
  7 kobolds
  7 rats
121 creatures vanquished.

Vanquished Creatures (others)
  7 plants (D:4)
7 creatures vanquished.

Grand Total: 128 creatures vanquished

Notes
Turn   | Place    | Note
-------+----------+-------------------------------------------
     0 | D:1      | MirrMurr the Demonspawn Berserker began the quest for the
                  | Orb.
     0 | D:1      | Reached XP level 1. HP: 18/18 MP: 1/1
   199 | D:1      | Reached skill level 3 in Polearms
   199 | D:1      | Gained mutation: You regenerate magic rapidly. [demonic
                  | ancestry]
   199 | D:1      | Reached XP level 2. HP: 18/24 MP: 2/2
   601 | D:1      | Reached ** piety under Trog
   669 | D:1      | Found a faded altar of an unknown god.
   714 | D:1      | Gained mutation: You are surrounded by a mild repulsion
                  | field. (EV +2) [demonic ancestry]
   714 | D:1      | Reached XP level 3. HP: 29/29 MP: 3/3
  1643 | D:2      | Identified the +1 robe "Yhojin" {rCorr}
  1657 | D:2      | Gained mutation: When hurt, damage is shared between your
                  | health and your magic reserves. [demonic ancestry]
  1657 | D:2      | Reached XP level 4. HP: 34/35 MP: 4/4
  1922 | D:3      | Reached *** piety under Trog
  2151 | D:3      | Reached skill level 4 in Polearms
  2165 | D:3      | Gained mutation: You are surrounded by a moderate repulsion
                  | field. (EV +3) [demonic ancestry]
  2165 | D:3      | Reached XP level 5. HP: 42/42 MP: 5/5
  2950 | D:4      | Noticed a phantom
  2964 | D:4      | Killed a phantom
  2965 | D:4      | Reached skill level 5 in Polearms
  2965 | D:4      | Reached XP level 6. HP: 41/48 MP: 4/6
  3212 | D:4      | Reached **** piety under Trog
  3500 | D:4      | Found a staircase to the Ecumenical Temple.
  3725 | D:5      | Entered Level 5 of the Dungeon
  3895 | D:5      | Mangled by an ogre

Illustrated notes

Levels and vault maps discovered:
D:1:      giann_wishing_wells, layout_rooms, hellmonk_ecumenical_altar_zigzags
D:2:      layout_basic, guppyfry_early_orc_mine
D:3:      minmay_recursive_quarters, layout_loops_ring
D:4:      layout_basic, tso_metal_star, minmay_temple_entry_arrows,
          minmay_lizard_king
D:5:      layout_basic, evilmike_ruin_ashenzari, nicolae_wormholes

Skill      XL: |  1  2  3  4  5 |
---------------+----------------+-----
Polearms       | 3 4 5 |  5.5
Dodging        | 2 3 |  3.6
Fighting       | 4 |  4.6
Armour         | |  1.7

Action                   |  1- 3 |  4- 6 || total
-------------------------+-------+-------++-------
Melee: Spear             |   105 |       ||   105
       Punch             |     1 |     1 ||     2
       Trident           |    65 |   261 ||   326
Invok: Trog's Hand       |       |     1 ||     1
       Berserk           |       |     1 ||     1
  Use: Scroll            |     3 |    10 ||    13
Armor: Animal skin       |     8 |       ||     8
       Chain mail        |    65 |   105 ||   170
Dodge: Dodged            |    69 |   108 ||   177
